 Dungeon Crawl Stone Soup version 0.23-a0-151-gf6d1ed2 (webtiles) character file.

87 Inarius the Chucker (level 4, -2/72 HPs)
             Began as an Ogre Hunter on Sept 7, 2018.
             Was an Initiate of Makhleb.
             Slain by a sky beast (4 damage)
             ... on level 6 of the Dungeon.
             The game lasted 00:05:10 (2280 turns).

Inarius the Chucker (Ogre Hunter)                   Turns: 2280, Time: 00:05:11

Health: -2/72      AC:  3    Str: 22    XL:     4   Next: 51%
Magic:  4/4        EV: 10    Int: 12    God:    Makhleb [......]
Gold:   90         SH:  0    Dex:  9    Spells: 3/3 levels left

rFire    + . .     SeeInvis .   t - +0 mace
rCold    + . .     Gourm    .   (no shield)
rNeg     . . .     Faith    .   b - +0 robe
rPois    .         Spirit   .   (helmet restricted)
rElec    .         Reflect  .   i - scarf {rC+ rF+}
rCorr    .         Harm     .   (gloves unavailable)
MR       +....                  (boots unavailable)
Stlth    ..........             (no amulet)
HPRegen  0.22/turn              k - ring of protection from magic
MPRegen  0.09/turn              (no ring)

@: mighty, berserking, very quick
A: large, unfitting armour, tough skin 1
a: Renounce Religion


You were on level 6 of the Dungeon.
You worshipped Makhleb.
Makhleb was noncommittal.
You were not hungry.

You visited 1 branch of the dungeon, and saw 4 of its levels.

You collected 90 gold pieces.

Inventory:

Hand Weapons
 a - a +0 short sword
 t - a +0 mace (weapon)
Missiles
 c - 5 large rocks
 d - 2 throwing nets
 g - 36 stones (quivered)
Armour
 b - a +0 robe (worn)
 i - a scarf of resistance (worn)
Jewellery
 k - a ring of protection from magic (left hand)
Scrolls
 e - 2 scrolls of amnesia
 h - 2 scrolls of identify
 s - a scroll of blinking {unknown}
Potions
 l - a potion of might
 m - a potion of berserk rage
 n - 2 potions of mutation {unknown}
 o - a potion of degeneration {unknown}
 p - 2 potions of curing {unknown}
 r - a potion of haste {unknown}
Comestibles
 f - 3 rations


   Skills:
 * Level 3.9 Fighting
 * Level 1.1 Maces & Flails
 + Level 4.9 Throwing
 + Level 2.1 Dodging
 - Level 0.6 Stealth


You had 3 spell levels left.
You didn't know any spells.
Your spell library was empty.

Dungeon Overview and Level Annotations

Branches:
Dungeon (6/15)
 Temple: D:4-7

Altars:
Makhleb
Vehumet
Xom


Innate Abilities, Weirdness & Mutations

You are too large for most types of armour.
You have tough skin. (AC +1)


Message History

The sky beast hits you.
* * * LOW HITPOINT WARNING * * *
The sky beast shocks you.
* * * LOW HITPOINT WARNING * * *
You sock the sky beast!
The sky beast is moderately wounded.
The sky beast closely misses you.
You miss the sky beast.
The sky beast is moderately wounded.
The sky beast hits you.
* * * LOW HITPOINT WARNING * * *
The sky beast shocks you.
* * * LOW HITPOINT WARNING * * *
You barely miss the sky beast.
The sky beast is moderately wounded.
The sky beast hits you but does no damage.
You closely miss the sky beast.
The sky beast is moderately wounded.
The sky beast hits you.
You die...

#.... #....
###.(..##
.......#
#....(.
#.....#
#.....#####..#
#.....@.......
#....Y#####...
#........#
#.....#..Y....
#........##...
######.#.# .
.#.# .... ..
##


You could see a sky beast.

Vanquished Creatures
  A worker ant (D:2)
  2 adders (D:2)
  2 dart slugs
  A leopard gecko (D:2)
  3 ball pythons
  A giant cockroach (D:2)
  4 goblins
  3 hobgoblins
  7 jackals
  4 kobolds
  3 bats
  3 frilled lizards
  7 rats
41 creatures vanquished.

Vanquished Creatures (others)
  An ogre (D:6)
  A scorpion (D:6)
  2 worker ants (D:6)
  An adder (D:2)
  A worm (D:6)
  A bat (D:2)
  A giant cockroach (D:2)
  A jackal (D:2)
  A rat (D:2)
10 creatures vanquished.

Grand Total: 51 creatures vanquished

Notes
Turn   | Place    | Note
-------+----------+-------------------------------------------
     0 | D:1      | Inarius the Ogre Hunter began the quest for the Orb.
     0 | D:1      | Reached XP level 1. HP: 22/22 MP: 1/1
   228 | D:1      | Reached XP level 2. HP: 18/29 MP: 2/2
   977 | D:1      | Reached XP level 3. HP: 37/37 MP: 3/3
  1509 | D:2      | Found a radiant altar of Vehumet.
  1658 | D:2      | Reached skill level 1 in Maces & Flails
  1658 | D:2      | Reached XP level 4. HP: 31/48 MP: 4/4
  2056 | D:2      | Found a burning altar of Makhleb.
  2060 | D:2      | Became a worshipper of Makhleb the Destroyer
  2255 | D:3      | You fall through a shaft for 3 floors!
  2255 | D:6      | Found a shimmering altar of Xom.
  2255 | D:6      | Noticed an ogre
  2255 | D:6      | Noticed an ice beast
  2261 | D:6      | Noticed a sky beast
  2264 | D:6      | Killed an ogre
  2278 | D:6      | HP: 2/72 [sky beast (6)]
  2280 | D:6      | Slain by a sky beast

Vault maps used:
D:1:      matt_arrival_spirals, grunt_decor_mini_mirrors
D:2:      marbit_many_paths, fiery_altar_vehumet
D:3:      uniq_robin, uniq_grinder
D:6:      xom_confusion_cloud, kennysheep_generic_room_16

Skill      XL: |  1  2  3 |
---------------+----------+-----
Fighting       | 3 |  3.9
Dodging        | 2 |  2.1
Maces & Flails | 1 |  1.1
Throwing       | |  4.9
Stealth        | |  0.6

Action                   |  1- 3 |  4- 6 || total
-------------------------+-------+-------++-------
Melee: Short sword       |   109 |       ||   109
       Mace              |       |    18 ||    18
Throw: Stone             |    27 |     5 ||    32
       Large rock        |     2 |       ||     2
  Use: Scroll            |       |     3 ||     3
       Potion            |       |     2 ||     2
 Stab: Sleeping          |     1 |     1 ||     2
  Eat: Chunk             |     2 |     2 ||     4
Armor: Robe              |    33 |     8 ||    41
Dodge: Dodged            |    69 |     4 ||    73

Table legend:
 A = Non-vault XP
 B = Vault XP
 C = Vault XP percentage of total XP
 D = Non-vault monster count
 E = Vault monster count
 F = Vault count percentage of total count
                 A         B        C        D         E       F
            +---------+---------+-------+---------+---------+-------
      Total |     124 |       1 |   0.8 |      40 |       1 |   2.4
            +---------+---------+-------+---------+---------+-------
        D:1 |      37 |       0 |   0.0 |      22 |       0 |   0.0
        D:2 |      83 |       1 |   1.2 |      16 |       1 |   5.9
        D:3 |       4 |       0 |   0.0 |       2 |       0 |   0.0
            +---------+---------+-------+---------+---------+-------
